 Dungeon Crawl Stone Soup version 0.21.0-3-g78d12a8 (webtiles) character file.

448 TheDeThijs the Basher (level 6, -8/56 HPs)
             Began as a Minotaur Berserker on Jan 9, 2018.
             Was a Priest of Trog.
             Killed from afar by Blork the orc (14 damage)
             ... with a wand of flame (27)
             ... on level 4 of the Dungeon on Jan 13, 2018.
             The game lasted 00:09:17 (2953 turns).

TheDeThijs the Basher (Minotaur Berserker)          Turns: 2953, Time: 00:09:18

Health: -8/56      AC:  7    Str: 21    XL:     6   Next: 73%
Magic:  5/5        EV: 10    Int:  4    God:    Trog [***...]
Gold:   172        SH:  0    Dex: 12    Spells: 5/5 levels left

rFire    . . .     SeeInvis .   a - +0 mace
rCold    . . .     Gourm    .   (no shield)
rNeg     . . .     Faith    .   h - +0 scale mail
rPois    .         Spirit   .   (helmet restricted)
rElec    .         Reflect  .   (no cloak)
rCorr    .         Harm     .   m - +0 pair of gloves
MR       ++...                  (no boots)
Stlth    ..........             (no amulet)
HPRegen  1.18/turn              (no ring)
MPRegen  0.09/turn              (no ring)

@: berserk cooldown, regenerating, slowed, very slow
A: retaliatory headbutt, horns 2
a: Berserk, Trog's Hand, Burn Spellbooks, Renounce Religion


You were on level 4 of the Dungeon.
You worshipped Trog.
Trog was most pleased with you.
You were not hungry.

You visited 1 branch of the dungeon, and saw 4 of its levels.

You collected 172 gold pieces.

Inventory:

Hand Weapons
 a - a +0 mace (weapon)
Armour
 h - a +0 scale mail (worn)
 m - a +0 pair of gloves (worn)
Wands
 j - a wand of enslavement (10)
Scrolls
 d - 2 scrolls of random uselessness {unknown}
 f - 3 scrolls of remove curse {unknown}
 i - a scroll of enchant weapon {unknown}
 k - 2 scrolls of magic mapping {unknown}
 n - 2 scrolls of identify {unknown}
 o - a scroll of fear {unknown}
 r - a scroll of enchant armour {unknown}
Potions
 b - a potion of cancellation {unknown}
 e - a potion of agility {unknown}
 g - a potion of heal wounds {unknown}
 l - a potion of degeneration {unknown}
 p - a potion of might {unknown}
 q - a potion of berserk rage {unknown}
Comestibles
 c - 7 rations


   Skills:
 + Level 5.1 Fighting
 * Level 8.3 Maces & Flails
 - Level 2.4 Armour
 - Level 2.1 Dodging
 + Level 0.9 Stealth


You had 5 spell levels left.
You didn't know any spells.

Dungeon Overview and Level Annotations

Branches:
Dungeon (4/15)
 Temple: D:4-7

Altars:
Ashenzari
Dithmenos

Annotations:
D:2 Sigmund
D:4 Blork the orc


Innate Abilities, Weirdness & Mutations

You reflexively headbutt those who attack you in melee.
You have a pair of horns on your head.


Message History

The puff of flame hits you!
You feel a strong urge to attack something.
You hear a zap.
A puff of flame appears from out of thin air!
The puff of flame hits you!
You start resting.
You feel your anger nearly subside.
You are no longer berserk.
You are exhausted.
You feel yourself slow down.
A magic dart appears from out of thin air!
The magic dart hits you! Something hits you!
* * * LOW HITPOINT WARNING * * *
Something hits you.
* * * LOW HITPOINT WARNING * * *
You hit something. You headbutt something.
You hear a zap.
A puff of flame appears from out of thin air!
The puff of flame hits you!
You die...

...........#
##########.# #.# #.#
#.# #O# #.#
#####################.#
................@{)...#
#####################.#
###


There were no monsters in sight!

Vanquished Creatures
  An ogre (D:4)
  A jelly (D:2)
  2 orc priests (D:3)
  Terence (D:3)
  2 worker ants
  5 adders
  4 gnolls (D:2)
  8 oozes (D:2)
  A worm (D:2)
  5 leopard geckos
  6 orcs (D:3)
  5 giant cockroaches
  5 goblins
  8 hobgoblins
  2 quokkas
  8 bats
  A frilled lizard (D:3)
  10 kobolds
  6 rats
81 creatures vanquished.

Vanquished Creatures (others)
  12 toadstools (D:2)
12 creatures vanquished.

Grand Total: 93 creatures vanquished

Notes
Turn   | Place    | Note
-------+----------+-------------------------------------------
     0 | D:1      | TheDeThijs the Minotaur Berserker began the quest for the Orb.
     0 | D:1      | Reached XP level 1. HP: 19/19 MP: 0/0
   409 | D:1      | Reached skill level 4 in Maces & Flails
   419 | D:1      | Reached XP level 2. HP: 27/27 MP: 1/1
   917 | D:2      | Reached ** piety under Trog
   917 | D:2      | Reached XP level 3. HP: 33/33 MP: 2/2
  1023 | D:2      | Reached skill level 5 in Maces & Flails
  1062 | D:1      | Reached XP level 4. HP: 15/40 MP: 3/3
  1550 | D:2      | Reached skill level 6 in Maces & Flails
  1550 | D:2      | Reached XP level 5. HP: 21/47 MP: 4/4
  1713 | D:2      | Noticed Sigmund
  1901 | D:2      | Found a shadowy altar of Dithmenos.
  1901 | D:2      | Found a shattered altar of Ashenzari.
  2047 | D:3      | Reached skill level 7 in Maces & Flails
  2303 | D:3      | Reached *** piety under Trog
  2508 | D:3      | Noticed Terence
  2512 | D:3      | Killed Terence
  2512 | D:3      | Reached XP level 6. HP: 55/55 MP: 5/5
  2602 | D:3      | Reached skill level 5 in Fighting
  2927 | D:4      | Noticed Blork the orc
  2947 | D:4      | Reached skill level 8 in Maces & Flails
  2953 | D:4      | Killed from afar by Blork the orc

Skill      XL: |  1  2  3  4  5  6 |
---------------+-------------------+-----
Maces & Flails | 4 5 6 7 8 |  8.3
Fighting       | 4 5 |  5.1
Armour         | |  2.4
Dodging        | |  2.1
Stealth        | |  0.9

Action                   |  1- 3 |  4- 6 || total
-------------------------+-------+-------++-------
Melee: Mace              |    42 |   146 ||   188
       Headbutt          |     6 |    27 ||    33
Invok: Berserk           |       |     3 ||     3
       Trog's Hand       |       |     1 ||     1
 Stab: Sleeping          |     1 |       ||     1
  Eat: Chunk             |       |     4 ||     4
       Ration            |       |     2 ||     2
Armor: Animal skin       |     5 |    13 ||    18
       Scale mail        |       |    19 ||    19
Dodge: Dodged            |    32 |    84 ||   116
